 Dungeon Crawl Stone Soup version 0.18.1-48-g4cf74bf (webtiles) character file.

135 Heedrag the Magician (level 4, -2/24 HPs)
             Began as a Deep Elf Conjurer on July 27, 2016.
             Slain by an iguana (13 damage)
             ... on level 3 of the Dungeon.
             The game lasted 00:04:12 (1823 turns).

Heedrag the Magician (Deep Elf Conjurer)            Turns: 1823, Time: 00:04:13

Health: -2/24      AC:  5    Str:  6    XL:     4   Next: 96%
Magic:  7/15       EV: 13    Int: 20    God:
Gold:   51         SH:  0    Dex: 15    Spells: 2 memorised, 13 levels left

rFire  . . .     SeeInvis .     p - +0 short sword
rCold  . . .     Gourm    .     a - +0 robe
rNeg   . . .     Faith    .     (no shield)
rPois  .         Spirit   .     (no helmet)
rElec  .         Dismiss  .     q - +0 cloak
rCorr  .         Reflect  .     d - +0 pair of gloves
SustAt .         Harm     .     l - +0 pair of boots
MR     .....                    (no amulet)
Stlth  ++........               (no ring)
                                (no ring)

@: very slightly contaminated, not resistant to hostile enchantments, unstealthy
A: no striking features
a: no special abilities


You were on level 3 of the Dungeon.
You were not hungry.

You visited 1 branch of the dungeon, and saw 3 of its levels.

You collected 51 gold pieces.

Inventory:

Hand Weapons
 p - a +0 short sword (weapon)
Armour
 a - a +0 robe (worn)
 d - a +0 pair of gloves (worn)
 h - a +2 shield
 l - a +0 pair of boots (worn)
 q - a +0 cloak (worn)
Jewellery
 u - a cursed ring of teleportation {unknown}
Scrolls
 i - a scroll of teleportation {unknown}
 j - 2 scrolls of fear {unknown}
 m - 2 scrolls of identify {unknown}
 n - 2 scrolls of noise {unknown}
 o - a scroll of magic mapping {unknown}
 t - a scroll of remove curse {unknown}
 v - a scroll of random uselessness {unknown}
Potions
 e - a potion of curing {unknown}
 f - 4 potions of flight {unknown}
 k - a potion of might {unknown}
 r - 2 potions of agility {unknown}
Books
 b - a book of Conjurations

   Spells                             Type                      Level
   a - Magic Dart                     Conjuration                  1
   b - Searing Ray                    Conjuration                  2
   c - Dazzling Spray                 Conjuration/Hexes            3
   d - Fulminant Prism                Conjuration/Hexes            4
   e - Iskenderun's Mystic Blast      Conjuration                  4
   f - Iskenderun's Battlesphere      Conjuration/Charms           5
Comestibles
 c - 4 bread rations
 g - 2 meat rations
 s - a chunk of flesh


   Skills:
 - Level 2.4 Dodging
 - Level 2.4 Stealth
 + Level 7.0 Spellcasting
 - Level 4.3 Conjurations


You had 13 spell levels left.
You knew the following spells:

 Your Spells              Type           Power        Failure   Level  Hunger
a - Magic Dart            Conj           ###.         1%          1    None
b - Dazzling Spray        Conj/Hex       ###...       14%         3    #......


Dungeon Overview and Level Annotations

Branches:
Dungeon (3/15)

Altars:


Message History

Tha iguana hisses angrily.
Tha iguana misses ye.
Castin': Magic Dart Confirm wit' . or Enter, or press ? or * ta list all spells.
Aimin': Magic Dart
Press: ? - help, Shift-Dir - straight line, f/p - iguana
Aim: an iguana (severely wounded, blind) Tha magic dart hits tha iguana.
Tha iguana be severely wounded.
Tha iguana be nay longer blind.
Tha iguana barely misses ye.
Castin': Magic Dart Confirm wit' . or Enter, or press ? or * ta list all spells.
Aimin': Magic Dart
Press: ? - help, Shift-Dir - straight line, f/p - iguana
Aim: an iguana (severely wounded) Tha magic dart hits tha iguana.
Tha iguana be almost dead.
Tha iguana bites ye!
Ouch! Tha re'lly hurt!
Ye die...

#.<...#
.......#.#.#
.#########.#
#.# #.# #.#
#.#
#########.#
.......@l.#
###########


You could see an iguana.

Vanquished Creatures
  A centaur (D:2)
  2 adders (D:2)
  An ooze (D:1)
  2 dart slugs (D:1)
  2 giant geckos
  2 giant cockroaches (D:2)
  2 goblins
  3 hobgoblins
  2 kobolds
  A ball python (D:2)
  6 bats
  9 giant newts
  2 rats (D:2)
35 creatures vanquished.

Notes
Turn   | Place    | Note
--------------------------------------------------------------
     0 | D:1      | Heedrag the Deep Elf Conjurer began the quest for the Orb.
     0 | D:1      | Reached XP level 1. HP: 10/10 MP: 6/6
   576 | D:1      | Reached XP level 2. HP: 15/15 MP: 6/8
   585 | D:1      | Reached skill level 4 in Spellcasting
  1023 | D:2      | Reached XP level 3. HP: 19/19 MP: 9/11
  1029 | D:2      | Learned a level 3 spell: Dazzling Spray
  1110 | D:2      | Reached skill level 5 in Spellcasting
  1694 | D:3      | Noticed a centaur
  1702 | D:2      | Killed a centaur
  1702 | D:2      | Reached skill level 7 in Spellcasting
  1702 | D:2      | Reached XP level 4. HP: 2/24 MP: 4/15
  1823 | D:3      | Slain by an iguana

Skill      XL: |  1  2  3 |
---------------+----------+-----
Spellcasting   | 4 7 |  7.0
Dodging        | |  2.4
Stealth        | |  2.4
Conjurations   | |  4.3

Action                   |  1- 3 |  4- 6 || total
-------------------------+-------+-------++-------
 Cast: Magic Dart        |    69 |     8 ||    77
       Dazzling Spray    |     1 |     1 ||     2
  Eat: Chunk             |     2 |     1 ||     3
Armor: Robe              |     4 |       ||     4
Dodge: Dodged            |    15 |     2 ||    17
